 Dungeon Crawl Stone Soup version 0.17-a0-1582-ge6b0260 (webtiles) character file.

21 Chiseanne the Skirmisher (level 2, -1/27 HPs)
             Began as a Demonspawn Wanderer on July 28, 2015.
             Slain by a gnoll
             ... wielding a +0 flail
              (11 damage)
             ... on level 2 of the Dungeon.
             The game lasted 00:02:28 (1382 turns).

Chiseanne the Skirmisher (Demonspawn Wanderer)      Turns: 1382, Time: 00:02:28

Health: -1/27      AC:  5    Str: 16    XL:     2   Next: 62%
Magic:  11/11      EV: 10    Int: 11    God:
Gold:   69         SH:  0    Dex: 10    Spells: 0 memorised, 1 level left

rFire  . . .     SeeInvis .     a - +0 mace
rCold  . . .     Clarity  .     d - +0 ring mail
rNeg   . . .     SustAt   .     (no shield)
rPois  .         Gourm    .     (no helmet)
rElec  .         Spirit   .     (no cloak)
rCorr  .         Warding  .     (no gloves)
rMut   .         Stasis   .     (no boots)
MR     .....                    (no amulet)
Stlth  +.........               p - ring of magical power
                                e - ring of wizardry

@: not resistant to hostile enchantments, very unstealthy
A: rot immunity
a: no special abilities


You were on level 2 of the Dungeon.
You were not hungry.

You visited 1 branch of the dungeon, and saw 2 of its levels.

You collected 69 gold pieces.

Inventory:

Hand weapons
 a - a +0 mace (weapon)
Missiles
 i - 4 tomahawks (quivered)
 n - 6 needles of frenzy
Armour
 d - a +0 ring mail (worn)
Jewellery
 e - a ring of wizardry (left hand)
 p - a ring of magical power (right hand)
Potions
 b - a potion of heal wounds
 c - a potion of lignification
 h - 2 potions of haste
 j - a potion of degeneration {unknown}
 k - a potion of flight
 l - a potion of invisibility {unknown}
 m - a potion of curing {unknown}
 q - a potion of agility {unknown}
Comestibles
 f - a bread ration
 g - a slice of pizza
 o - a chunk of flesh


   Skills:
 + Level 5.1 Fighting
   Level 1.0 Bows
 * Level 1.9 Armour
 + Level 1.0 Dodging
 - Level 1.0 Stealth
   Level 1.0 Shields
 - Level 1.0 Unarmed Combat


You had one spell level left.
You didn't know any spells.

Dungeon Overview and Level Annotations

Branches:
Dungeon (2/15)

Altars:


Innate Abilities, Weirdness & Mutations

You are immune to rotting.


Message History

The gnoll moves out of view. x2
Found 17 stones.
A gnoll comes into view. It is wielding a spear.
A gnoll comes into view. It is wielding a flail.
The gnoll shouts! x2
The gnoll closely misses you.
You sock the gnoll!
The gnoll is heavily wounded.
The gnoll misses you. The gnoll hits you with a spear.
The gnoll hits you from afar with a spear.
You barely miss the gnoll.
The gnoll is heavily wounded.
The gnoll closely misses you. The gnoll barely misses you.
The gnoll hits you from afar with a spear.
The gnoll closely misses you. The gnoll hits you but does no damage.
You hit the gnoll.
The gnoll is severely wounded.
The gnoll hits you but does no damage. The gnoll hits you with a spear.
The gnoll hits you with a flail!
You die...

#.####
#.....).............
#....#
#........#########.#
####.# #........#
#.# #.# #........#
#.# #<####........#
#.# ###........<..#
#..
##+##........#####
##.
...........#.....#
#.
......g@####.###.#
## ..(...gg# #.# #.#
.....g..# #.#
#.####### .........
..# #.....##.
##.....## ###
#####.##. #####.
#.... #. ##### ## #.
#.


You could see 4 gnolls.

Vanquished Creatures
  A worm (D:2)
  2 bats (D:2)
  4 hobgoblins
  A giant cockroach (D:1)
  3 goblins (D:1)
  6 kobolds
17 creatures vanquished.

Notes
Turn   | Place    | Note
--------------------------------------------------------------
     0 | D:1      | Chiseanne the Demonspawn Wanderer began the quest for the Orb.
     0 | D:1      | Chiseanne set off with: a potion of haste, a potion of heal wounds, a potion of lignification, a +0 ring mail, a +0 club, a bread ration
     0 | D:1      | Reached XP level 1. HP: 21/21 MP: 1/1
   377 | D:1      | Gained mutation: You are immune to rotting. [demonic ancestry]
   377 | D:1      | Reached XP level 2. HP: 24/27 MP: 2/2
  1328 | D:2      | Reached skill level 1 in Dodging
  1382 | D:2      | Slain by a gnoll

Vault maps used:
D:1:      minmay_arrival_split_and_join, minmay_misc_feat_enclosed
D:2:      cheibriados_altar_1, uniq_iyjb

Action                   || total
-------------------------++-------
Melee: Short sword       ||    16
       Mace              ||    33
       Club              ||     1
  Use: Scroll            ||     6
  Eat: Chunk             ||     1
